Unix NetHack Version 5.0.0-0 post-release - last build May  4 2026 22:22:43 (774f63e81ad911689b3a0859ea89b322d5daca8d,branch:main).

Game began 2026-05-07 17:08:27, ended 2026-05-08 14:55:45.

Barrb, neutral female human Barbarian

              -----
              |...|
              |<..|
              |...|
              |...|          #####################-------
              |...|    #######  #--------|----   j|.....|
              --.-- ####         |C.....%/..C|   @|.....|
                #####            |.....C.....|   #|.....|             ------
                                 |...-----...|   #|.....|      #######-....|
                                 |....   |...|   #|.....|   ####      |..%e|
                                 |..C|   |C..|   #|....[.#############.....|
                                 |...|   |...|   #------- #           ------
                                 |...-----...|   ##########
                                 |.....C.....|
                                 |C.........C|
                                 -------------

Barrb the Brigand          St:18/22 Dx:17 Co:18 In:7 Wi:8 Ch:7  Neutral
Dlvl:9  $:52 HP:0(106) Pw:30(30) AC:-4 Xp:10 T:15949  Satiated Burdened

Latest messages:
 Boom!
 You are caught in the freezing sphere's explosion!
 You see here a statue of a plains centaur.
 You see here a statue of a plains centaur.
 You see here a statue of a plains centaur.
 You stop searching.
 The jaguar hits!
 The jaguar hits again!
 The jaguar bites!
 The jaguar hits!
 The jaguar hits again!
 The jaguar misses!
 You smite the jaguar!
 The jaguar misses!
 The jaguar hits!
 The jaguar bites!
 You kill the jaguar!
 There are several objects here.
 There is a jaguar corpse here; eat it? [ynq] (n) y
 This jaguar corpse is gamey.
 You stop eating the jaguar corpse.
 What do you want to wear? [*] i
 You are now wearing a towel around your head.
 You can't see any more.
 There is a partly eaten jaguar corpse here; eat it? [ynq] (n) y
 You resume your meal.
 You finish eating the jaguar corpse.
 It explodes!
 You seem unaffected by it.
 What do you want to remove? [iAE or ?*] i
 You were wearing an uncursed towel.
 You can see again.
 You find a hidden passage.
 You hear water falling on coins.
 You smite the baby crocodile!
 The baby crocodile misses!
 You kill the baby crocodile!
 You see here a banded mail.
 You see here an egg.
 The door opens.
 You smite the blue jelly!
 You are suddenly very cold!
 You smite the blue jelly!
 You are suddenly very cold!
 You smite the blue jelly!
 You are suddenly very cold!
 You smite the blue jelly!
 You are suddenly very cold!
 You die...
 Do you want your possessions identified? [ynq] (y) q

Inventory:
 Coins    ('$')
  $ - 52 gold pieces
 Weapons  (')')
  o - 10 blessed +0 arrows (in quiver)
  R - 20 poisoned +0 orcish arrows
  u - a +0 bow
  b - a blessed +0 axe (alternate weapon; not wielded)
  s - the rustproof +1 Cleaver (weapon in hands)
 Armor    ('[')
  N - a blessed +0 dwarvish iron helm (being worn)
  F - a blessed +2 pair of iron shoes (being worn)
  z - an uncursed +1 dwarvish cloak (being worn)
  T - a blessed +1 dwarvish mithril-coat (being worn)
 Comestibles  ('%')
  G - an uncursed carrot
  x - an uncursed lizard corpse
 Scrolls  ('?')
  g - 3 uncursed scrolls of enchant armor
  H - an uncursed scroll of enchant weapon
  D - a cursed scroll of gold detection
  j - an uncursed scroll of light
  I - an uncursed scroll of remove curse
  a - 2 uncursed scrolls of scare monster
  C - 2 uncursed scrolls of teleportation
 Potions  ('!')
  h - 4 uncursed potions of healing
  p - an uncursed potion of object detection
  B - a blessed potion of restore ability
  U - an uncursed potion of restore ability
 Rings    ('=')
  A - an uncursed ring of fire resistance (on right hand)
  E - a blessed +4 ring of gain strength (on left hand)
  J - an uncursed ring of polymorph control
 Wands    ('/')
  K - a blessed wand of cold (0:4)
  m - a wand of create monster (0:1)
  Y - a wand of digging (0:7)
  P - a wand of sleep (0:8)
  l - a wand of sleep (0:2)
  M - a wand of striking (0:3)
  e - a wand of striking (0:0)
 Tools    ('(')
  c - an uncursed sack containing 13 items
  f - an uncursed oil lamp
  t - an uncursed skeleton key
  v - an uncursed tin whistle
  i - an uncursed towel
 Gems/Stones  ('*')
  V - 6 uncursed worthless pieces of violet glass
  Q - an uncursed luckstone

Contents of the sack:
  2039 gold pieces
  a +0 two-handed sword
  2 uncursed tins of fox meat
  an uncursed scroll of enchant armor
  a cursed scroll of enchant armor
  an uncursed scroll of gold detection
  a cursed scroll of remove curse
  7 potions of holy water
  4 uncursed potions of water
  an uncursed ring of conflict
  an uncursed ring of stealth
  a +0 pick-axe
  a tinning kit (0:35)

Barrb the Barbarian's attributes:

Background:
 You were a Brigand, a level 10 female human Barbarian.
 You were neutral, on a mission for Crom
 who was opposed by Mitra (lawful) and Set (chaotic).
 You were right-handed.
 You were in the Dungeons of Doom, on level 9.
 You entered the dungeon 15949 turns ago.
 You had 9322 experience points, 678 more were needed to attain level 11.

Basics:
 You had 0 out of 106 hit points.
 You had all 30 energy points (spell power).
 Your armor class was -4.
 Your wallet contained 52 zorkmids, and
 you had 2039 more stashed away in your pack.
 Autopickup was off.

Final Characteristics:
 Your strength was 18/22 (base:18/18, limit:18/100).
 Your dexterity was 17 (limit:18).
 Your constitution was 18 (limit:18).
 Your intelligence was 7 (limit:18).
 Your wisdom was 8 (limit:18).
 Your charisma was 7 (limit:18).

Final Status:
 You were satiated.
 You were burdened; movement was slightly slowed.
 You were wielding an axe.
 You were skilled in axe.

Final Attributes:
 You were piously aligned.
 You were fire resistant.
 Your items were protected from fire.
 Your items were somewhat protected from cold.
 You were poison resistant.
 You were guarded.
 You were fast.
 You were lucky.
 You had extra luck.
 Bad luck did not time out for you.
 Good luck did not time out for you.
 You are dead (2nd time!).

Miscellaneous:
 You encountered 2 bones levels.
 Total elapsed playing time was 4 hours, 35 minutes and 15 seconds.

Major events:
 Turn
    1: Barrb the neutral female human Barbarian entered the dungeon
 1359: attained the rank of Pillager (level 3)
 1762: entered the Gnomish Mines
 4500: attained the rank of Bandit (level 6)
 5599: reached Mine Town
 8255: was bestowed with Cleaver by Crom
10678: averted death (killed by a giant mummy)
11230: attained the rank of Brigand (level 10)
11959: acquired the Mines' End luckstone
15949: killed by a blue jelly

You didn't know any spells.

Skills:
 Fighting Skills
   bare handed combat [Basic]
   two weapon combat  [Unskilled]
   riding             [Unskilled]
 Weapon Skills
   dagger             [Unskilled]
   axe                [Skilled]
   pick-axe           [Unskilled]
   short sword        [Unskilled]
   broadsword         [Unskilled]
   long sword         [Unskilled]
   two-handed sword   [Expert]
   saber              [Unskilled]
   club               [Unskilled]
   mace               [Unskilled]
   morning star       [Unskilled]
   flail              [Unskilled]
   hammer             [Unskilled]
   quarterstaff       [Unskilled]
   spear              [Unskilled]
   trident            [Unskilled]
   bow                [Unskilled]
 Spellcasting Skills
   attack spells      [Unskilled]
   escape spells      [Unskilled]

Voluntary challenges:
 Character rerolling was not enabled.
 You never genocided any monsters.
 You never polymorphed an object.
 You never changed form.
 You used no wishes.
Achievements:
 You entered a shop.
 You attained the rank of Pillager.
 You entered the Gnomish Mines.
 You attained the rank of Bandit.
 You entered Minetown.
 You entered a temple.
 You attained the rank of Brigand.
 You completed the Gnomish Mines.

 The Dungeons of Doom: levels 1 to 9
    Level 1:
       An altar, a fountain, a sink.
    Level 2:
       A general store, a fountain.
    Level 3:
       A general store, an altar to Crom, a fountain.
    Level 4:
       Stairs down to The Gnomish Mines.
    Level 5:
       A fountain, a grave.
    Level 6:
       A fountain, a grave.
    Level 7:
       A fountain, a grave.
    Level 8:
    Level 9: <- You were here.
       Final resting place for
          you, killed by a blue jelly.
 The Gnomish Mines: levels 5 to 12
    Level 5:
    Level 6:
    Level 7:
       Many shops, a temple and an altar to Crom, many fountains, a grave.
       Final resting place for
          Perugi-Pri-Hum-Mal-Law, killed by a goblin, while frozen by a floating eye's gaze.
    Level 8:
       Final resting place for
          hanschristian-Wiz-Elf-Mal-Cha, killed by a dwarf.
    Level 9:
    Level 10:
    Level 11:
    Level 12:


Vanquished creatures:
  a purple worm
 an aligned cleric
  3 ghosts
  a long worm
  2 fire giants
  3 hill giants
  a giant mummy
  3 wargs
  a small mimic
  a xan
 an ogre leader
  a quantum mechanic
  a wood golem
  a freezing sphere
  a tiger
  a tengu
 an ochre jelly
  a leocrotta
  a mountain centaur
  a human mummy
  a python
  a pit viper
  a wraith
 an ettin zombie
  a Grey-elf
  2 chameleons
  3 giant beetles
  3 quivering blobs
  3 cockatrices
  2 wolves
  7 winter wolf cubs
  a spotted jelly
 22 leprechauns
  2 giant spiders
  2 ice vortices
  2 black lights
  3 gnome rulers
  2 orc mummies
  3 ogres
  a rust monster
  a yeti
  a gold golem
  4 lizards
  a chickatrice
  a dingo
  2 jaguars
  3 dwarf leaders
  a blue jelly
  a dust vortex
  a raven
  a plains centaur
  a gnome mummy
  a snake
  a human zombie
  a soldier ant
  a bugbear
 an imp
  a quasit
  a wood nymph
  a water nymph
  a mountain nymph
 11 Uruk-hai
 an orc shaman
  4 rock piercers
  2 rock moles
  a pony
  5 fog clouds
  a yellow light
  5 shriekers
  a violet fungus
 16 gnome leaders
  7 gnomish wizards
  2 kobold mummies
  a guardian naga hatchling
  2 gray oozes
  2 ghouls
  a baby crocodile
 10 giant ants
  2 little dogs
  5 floating eyes
 19 dwarves
  2 homunculi
  2 kobold leaders
  3 kobold shamans
  8 hill orcs
 11 rothes
  2 rabid rats
  a centipede
  5 giant bats
  a Kop Sergeant
 an orc zombie
  2 dwarf zombies
  2 wererats
  2 werejackals
 10 iguanas
 14 killer bees
  4 acid blobs
  7 coyotes
  a gas spore
  6 hobbits
 10 manes
  a large kobold
  3 hobgoblins
  6 giant rats
  2 cave spiders
  2 brown molds
  2 yellow molds
  2 green molds
  a red mold
 52 gnomes
  2 garter snakes
  a gnome zombie
  6 geckos
 14 jackals
  a fox
  3 kobolds
  4 goblins
  4 sewer rats
  8 grid bugs
  8 lichens
  4 kobold zombies
 15 newts
450 creatures vanquished.

No species were genocided or became extinct.

Game over:
                       ----------
                      /          \
                     /    REST    \
                    /      IN      \
                   /     PEACE      \
                  /                  \
                  |      Barrb       |
                  |     2091 Au      |
                  | killed by a blue |
                  |      jelly       |
                  |                  |
                  |                  |
                  |       2026       |
                 *|     *  *  *      | *
        _________)/\\_//(\/(/\)/\//\/|_)_______

Goodbye Barrb the Barbarian...

You died in The Dungeons of Doom on dungeon level 9 with 39940 points,
and 2091 pieces of gold, after 15949 moves.
You were level 10 with a maximum of 106 hit points when you died.

